 Dungeon Crawl Stone Soup version 0.19.4 (webtiles) character file.

94 JykeThePerson the Ruffian (level 4, 0/44 HPs)
             Began as a Troll Monk on Jan 30, 2017.
             Was a Believer of Sif Muna.
             Succumbed to a scorpion's poison
             ... on level 4 of the Dungeon.
             The game lasted 00:17:59 (1491 turns).

JykeThePerson the Ruffian (Troll Monk)              Turns: 1491, Time: 00:17:59

Health: 0/44       AC:  6    Str: 20    XL:     4   Next: 38%
Magic:  3/3        EV: 11    Int:  6    God:    Sif Muna [**....]
Gold:   179        SH:  0    Dex: 12    Spells: 0 memorised, 3 levels left

rFire  . . .     SeeInvis .       - Unarmed
rCold  . . .     Gourm    +     G - +1 robe
rNeg   . . .     Faith    .     (no shield)
rPois  .         Spirit   .     (helmet restricted)
rElec  .         Reflect  .     (no cloak)
rCorr  .         Harm     .     (gloves unavailable)
MR     .....                    (boots unavailable)
Stlth  +.........               (no amulet)
                                (no ring)
                                (no ring)

@: confused, lethally poisoned (0 -> -1)
A: unfitting armour, claws 3, fast metabolism 3, gourmand, regeneration 1,
shaggy fur 1, tough skin 2
a: Divine Energy, Renounce Religion


You were on level 4 of the Dungeon.
You worshipped Sif Muna.
Sif Muna was pleased with you.
You were not hungry.

You visited 1 branch of the dungeon, and saw 4 of its levels.

You collected 179 gold pieces.

Inventory:

Hand Weapons
 c - a +0 hand axe
 e - a +0 club
 f - a +0 short sword
 i - a +0 spear
 D - a +0 hunting sling
Missiles
 g - 101 stones (quivered)
 j - 59 bolts
 n - 28 sling bullets
 v - 81 arrows
 z - 15 poisoned needles
Armour
 a - a +0 robe
 G - a +1 robe (worn)
Wands
 J - a wand of lightning (4/15)
 L - a wand of digging (11/24)
Scrolls
 o - a scroll of recharging
 r - a scroll of blinking
 t - a scroll of noise
Potions
 x - a potion of might {unknown}
 B - a potion of magic {unknown}
 F - 2 potions of agility {unknown}
Books
 m - a book of Unlife

   Spells                             Type                      Level
   a - Recall                         Summoning/Translocation      3
   b - Animate Dead                   Necromancy                   4
   c - Control Undead                 Necromancy                   4
   d - Cigotuvi's Embrace             Necromancy                   5
   e - Death Channel                  Necromancy                   6
   f - Simulacrum                     Ice/Necromancy               6
Comestibles
 b - a bread ration


   Skills:
 + Level 2.9 Fighting
 + Level 3.2 Dodging
 + Level 1.1 Stealth
 + Level 4.0 Unarmed Combat


You had 3 spell levels left.
You didn't know any spells.

Dungeon Overview and Level Annotations

Branches:
Dungeon (4/15)
 Temple: D:4-7

Altars:
Sif Muna

Annotations:
D:4 Sigmund


Innate Abilities, Weirdness & Mutations

You are too large for most types of armour.
You have claws for hands.
Your metabolism is lightning-fast.
You like to eat raw meat.
Your natural rate of healing is unusually fast.
You are covered in fur. (AC +1)
You have very tough skin. (AC +2)


Message History

You claw Sigmund! You claw Sigmund.
Sigmund is heavily wounded.
You feel sick. Sigmund gestures at you while chanting.
You are confused.
The scorpion stings you.
* * * LOW HITPOINT WARNING * * *
You're too confused!
You start eating the bread ration.
You feel sick. Sigmund barely misses you. The scorpion stings you.
Keep eating? [Y]es or [N]o only, please.
Keep eating?
* * * LOW HITPOINT WARNING * * *
You continue eating.
You feel sick. The scorpion stings you.
* * * LOW HITPOINT WARNING * * *
Sigmund barely misses you.
You continue eating.
You die...

....# #....P.♣
###..#####...#.....#
..........######>#
...........#
#.####...##.#
##.####...##.###.
#................
......s..###.####
......@@.# #
........## ......#.#
........# ......###
...... ..?.# ...#


You could see Sigmund and a scorpion.

Vanquished Creatures
  An adder (D:3)
  An adder skeleton (D:4)
  A worm (D:3)
  A dart slug (D:2)
  3 leopard geckos
  5 orcs
  5 bats
  4 giant cockroaches
  12 goblins
  8 hobgoblins
  7 jackals (D:3)
  2 quokkas (D:2)
  4 frilled lizards
  5 kobolds
  2 plants
61 creatures vanquished.

Notes
Turn   | Place    | Note
-------+----------+-------------------------------------------
     0 | D:1      | JykeThePerson the Troll Monk began the quest for the Orb.
     0 | D:1      | Reached XP level 1. HP: 22/22 MP: 0/0
   153 | D:1      | Reached XP level 2. HP: 21/29 MP: 1/1
   354 | D:1      | You fall through a shaft!
   615 | D:2      | Reached XP level 3. HP: 35/36 MP: 2/2
   949 | D:3      | Found a faded altar of an unknown god.
  1005 | D:3      | Became a worshipper of Sif Muna the Loreminder
  1005 | D:3      | Reached * piety under Sif Muna
  1005 | D:3      | Reached ** piety under Sif Muna
  1106 | D:3      | Reached skill level 4 in Unarmed Combat
  1106 | D:3      | Reached XP level 4. HP: 44/44 MP: 3/3
  1476 | D:4      | Noticed Sigmund
  1490 | D:4      | HP: 1/44 [scorpion (5)]
  1491 | D:4      | Succumbed to a scorpion's poison

Skill      XL: |  1  2  3 |
---------------+----------+-----
Dodging        | 3 |  3.2
Unarmed Combat | 4 |  4.0
Fighting       | |  2.9
Stealth        | |  1.1

Action                   |  1- 3 |  4- 6 || total
-------------------------+-------+-------++-------
Melee: Unarmed           |   149 |    47 ||   196
       Punch             |     1 |     3 ||     4
  Use: Scroll            |     6 |     1 ||     7
  Eat: Bread ration      |     2 |     1 ||     3
Armor: Robe              |    65 |    12 ||    77
Dodge: Dodged            |   101 |    24 ||   125
